AoeStats
← MAD

Arena

510152428Analyzed
4v4 RM · 17h ago on Sep 29, 2026· 58m 53s· 8 players
Game mode
Random Map
Map size
Large (8 player)
Population
200
Speed
Normal
Resources
Standard
Victory
Conquest
Starting age
Dark Age
Ending age
Imperial Age
RankedLock teamsTeams togetherTeam positionsShared explorationLock speedFull tech treeHidden civsTurbo modeCheats
Victory
Defeat
🇺🇸 Celts · United States
972
+15
🇵🇪 Franks · Peru
958
+15
🇫🇷 Bohemians · France
958
+15
🇬🇧 Huns · United Kingdom
848
+20
🇹🇷 Ethiopians · Türkiye
956
-17
🇹🇷 Poles · Türkiye
956
-17
🇺🇸 Saxons · United States
933
-16
🇮🇳 Japanese · India
909
-15
SYNC
0:29 Loom
13:05 Feudal Age
14:15 Horse Collar
14:42 Double-Bit Axe
14:59 Gold Mining
15:47 Stone Mining
21:23 Castle Age
22:46 Wheelbarrow
23:20 Gold Shaft Mining
22:47 Heavy Plow
23:01 Bow Saw
24:38 Hand Cart
30:56 Caravan
33:46 Imperial Age
33:39 Scale Mail Armor
33:49 Forging
38:00 Two-Man Saw
40:04 Chain Mail Armor
40:24 Iron Casting
40:49 Elite Samurai
42:47 Plate Mail Armor
43:17 Blast Furnace
43:26 Conscription
42:27 Elite Skirmisher
46:00 Blast Furnace
karaokur
0:29 Loom
14:38 Feudal Age
15:11 Horse Collar
16:09 Wheelbarrow
15:23 Double-Bit Axe
20:42 Castle Age
19:01 Stone Mining
19:07 Gold Mining
21:29 Heavy Plow
21:43 Bow Saw
25:07 Hand Cart
30:54 Imperial Age
28:14 Town Watch
29:40 Forging
29:31 Scale Mail Armor
29:37 Scale Barding Armor
29:23 Fletching
29:33 Padded Archer Armor
31:35 Iron Casting
31:12 Elite Obuch
31:58 Szlachta Privileges
32:31 Chain Mail Armor
32:50 Squires
33:35 Crop Rotation
34:20 Conscription
34:27 Light Cavalry
35:17 Bloodlines
35:08 Husbandry
36:53 Lechitic Legacy
37:08 Winged Hussar
38:39 Arson
39:22 Chain Barding Armor
40:03 Blast Furnace
49:21 Plate Mail Armor
52:05 Bodkin Arrow
52:26 Leather Archer Armor
MAD
0:32 Loom
12:54 Feudal Age
14:25 Wheelbarrow
13:32 Horse Collar
15:53 Double-Bit Axe
21:31 Castle Age
24:39 Stone Mining
25:02 Bow Saw
24:54 Heavy Plow
27:13 Stone Shaft Mining
26:30 Gold Mining
28:18 Hand Cart
28:48 Fletching
28:59 Padded Archer Armor
29:39 Gold Shaft Mining
33:37 Imperial Age
31:56 Bodkin Arrow
34:25 Ballistics
34:16 Fortified Wall
35:21 Chemistry
34:28 Siege Engineers
34:43 Heavy Scorpion
36:55 Bracer
37:15 Leather Archer Armor
39:33 Torsion Engines
39:48 Bracer
40:04 Leather Archer Armor
42:06 Two-Man Saw
42:17 Ring Archer Armor
41:43 Elite Shotel Warrior
42:45 Forging
43:38 Conscription
45:20 Iron Casting
44:46 Scale Mail Armor
47:58 Blast Furnace
47:15 Chain Mail Armor
Neubs
9:38 Loom
11:26 Feudal Age
16:19 Castle Age
14:53 Double-Bit Axe
14:55 Horse Collar
16:01 Man-at-Arms
18:23 Town Watch
19:55 Scale Mail Armor
20:05 Forging
20:56 Heavy Plow
24:44 Gold Mining
24:59 Long Swordsman
28:04 Forging
37:59 Imperial Age
35:54 Pikeman
38:13 Squires
42:07 Elite Varangian Guard
43:08 Halberdier
43:10 Elite Varangian Guard
43:13 Halberdier
Legless Sheep
10:27 Feudal Age
16:26 Castle Age
15:03 Gold Mining
19:01 Wheelbarrow
18:47 Horse Collar
20:38 Double-Bit Axe
22:42 Bow Saw
22:23 Loom
23:34 Heavy Plow
26:15 Hand Cart
30:12 Imperial Age
27:49 Stone Mining
28:36 Gold Shaft Mining
29:22 Bloodlines
29:13 Husbandry
29:44 Forging
29:40 Scale Barding Armor
30:12 Elite Tarkan
30:54 Marauders
32:03 Two-Man Saw
31:54 Iron Casting
31:53 Conscription
33:55 Blast Furnace
35:42 Chain Barding Armor
37:33 Plate Barding Armor
41:32 Atheism
41:29 Town Watch
44:20 Caravan
45:41 Town Patrol
51:16 Fletching
51:24 Murder Holes
51:50 Ballistics
52:30 Chemistry
51:41 Masonry
52:26 Bodkin Arrow
56:38 Bracer
59:06 Clinker Construction
59:06 Careening
59:00 Scale Mail Armor
59:01 Padded Archer Armor
Bloups3000
11:07 Feudal Age
13:02 Loom
13:27 Double-Bit Axe
16:12 Castle Age
15:17 Fletching
15:14 Horse Collar
16:51 Wheelbarrow
17:19 Bow Saw
18:05 Fervor
18:31 Heavy Plow
22:51 Sanctity
22:52 Hand Cart
22:23 Town Watch
24:13 Fortified Wall
26:09 Devotion
30:09 Imperial Age
28:22 Herbal Medicine
28:38 Redemption
27:54 Crossbowman
28:34 Bodkin Arrow
29:58 Chemistry
29:18 Ballistics
31:35 Block Printing
31:43 Faith
31:40 Block Printing
32:06 Masonry
31:59 Bracer
34:08 Theocracy
34:01 Illumination
34:02 Conscription
33:45 Padded Archer Armor
35:41 Two-Man Saw
35:44 Leather Archer Armor
37:22 Wagenburg Tactics
39:53 Ring Archer Armor
39:24 Scale Mail Armor
39:34 Forging
39:27 Squires
38:47 Pikeman
39:13 Arson
41:33 Halberdier
42:32 Chain Mail Armor
42:53 Iron Casting
44:16 Houfnice
51:32 Plate Mail Armor
52:03 Blast Furnace
58:07 Hussite Reforms
57:28 Elite Hussite Wagon
57:34 Man-at-Arms
Fuzzytongue
10:51 Feudal Age
11:38 Double-Bit Axe
11:37 Horse Collar
14:11 Wheelbarrow
18:05 Castle Age
17:53 Loom
19:53 Bow Saw
29:06 Town Watch
33:37 Heavy Plow
35:40 Hand Cart
35:31 Town Patrol
39:22 Imperial Age
38:37 Pikeman
39:45 Gambesons
39:24 Halberdier
39:46 Onager
39:50 Capped Ram
43:33 Forging
43:23 Scale Mail Armor
43:12 Siege Onager
43:17 Siege Ram
50:13 Man-at-Arms
50:39 Arson
51:23 Long Swordsman
52:53 Iron Casting
52:33 Chain Mail Armor
52:23 Two-Handed Swordsman
53:14 Champion
54:41 Conscription
56:20 Siege Onager
56:23 Heavy Scorpion
JACK SPARROW
8:11 Loom
10:58 Feudal Age
16:17 Castle Age
14:42 Double-Bit Axe
27:26 Forging
36:18 Imperial Age
34:52 Scale Barding Armor
35:23 Iron Casting
38:01 Blast Furnace
37:21 Chain Barding Armor
37:06 Husbandry
38:36 Cavalier
41:45 Plate Barding Armor
44:53 Wheelbarrow
44:04 Town Watch
44:31 Murder Holes
Connection lost

Rejoining the realm…

Still unreachable

The connection could not be restored.

Session expired

The server has moved on; the page needs a fresh start.